 Dungeon Crawl Stone Soup version 0.18.1-50-g88ac8fd (webtiles) character file.

1481 Gargoyl the Covered (level 8, -2/63 HPs)
             Began as a Demonspawn Abyssal Knight on Sept 13, 2016.
             Was a Priest of Lugonu.
             Slain by a killer bee (7 damage)
             ... on level 7 of the Dungeon.
             The game lasted 00:11:04 (6621 turns).

Gargoyl the Covered (Demonspawn Abyssal Knight)     Turns: 6621, Time: 00:11:05

Health: -2/63      AC: 10    Str: 13 (15) XL:     8   Next: 50%
Magic:  10/10      EV:  7    Int: 11 (14) God:    Lugonu [***...]
Gold:   259        SH:  0    Dex: 10 (12) Spells: 0 memorised, 7 levels left

rFire  . . .     SeeInvis .     a - +1 hand axe
rCold  . . .     Gourm    .     l - +0 chain mail
rNeg   . . .     Faith    .     (no shield)
rPois  .         Spirit   .     (helmet restricted)
rElec  .         Dismiss  .     v - +0 cloak
rCorr  .         Reflect  .     (no gloves)
SustAt .         Harm     .     q - +0 pair of boots
MR     .....     Clarity  +     (no amulet)
Stlth  .......... Rnd*Tele +    (no ring)
                                o - +1 ring of protection

@: lethally poisoned (-2 -> -8), not resistant to hostile enchantments,
extremely unstealthy
A: horns 2, clarity, deformed body, demonic guardian 1, high mp 1, nightstalker
1, teleportitis 1
a: Depart the Abyss, Bend Space, Banish, Renounce Religion


You were on level 7 of the Dungeon.
You worshipped Lugonu.
Lugonu was most pleased with you.
You were very hungry.

You visited 1 branch of the dungeon, and saw 7 of its levels.
You visited the Abyss 1 time.

You collected 259 gold pieces.

Inventory:

Hand Weapons
 a - a +1 hand axe (weapon)
Armour
 l - a +0 chain mail (worn)
 q - a +0 pair of boots (worn)
 v - a +0 cloak (worn)
Jewellery
 o - a +1 ring of protection (left hand)
Wands
 t - a wand of lightning (10/15)
 w - a wand of slowing (37/48)
Scrolls
 d - 5 scrolls of remove curse
 i - 4 scrolls of amnesia
 j - a scroll of teleportation
 r - a scroll of identify
 s - a scroll of fear
Potions
 f - a potion of ambrosia
 n - a potion of degeneration
 p - 2 potions of brilliance
Comestibles
 c - 5 bread rations
 g - 3 beef jerkies
 h - 2 meat rations
 m - a fruit
 u - a slice of pizza


   Skills:
 + Level 5.6 Fighting
 + Level 4.1 Axes
 * Level 7.2 Armour
 + Level 2.9 Dodging
 + Level 1.5 Stealth
 + Level 2.6 Invocations


You had 7 spell levels left.
You didn't know any spells.

Dungeon Overview and Level Annotations

Branches:
Dungeon (7/15)             Temple (0/1) D:6

Altars:
Cheibriados
Kikubaaqudgha
Ru

Annotations:
D:7 Joseph


Innate Abilities, Weirdness & Mutations

You have a pair of horns on your head.
A weak demonic guardian rushes to your aid.
You are slightly more attuned to the shadows.
You possess an exceptional clarity of mind.
Armour fits poorly on your strangely shaped body.
You have an increased reservoir of magic (+10% MP).
You are occasionally teleported next to monsters.


Message History

The killer bee stings you but does no damage.
The killer bee closely misses you.
The killer bee stings you but does no damage.
The killer bee stings you.
* * * LOW HITPOINT WARNING * * *
The killer bee closely misses you. The killer bee stings you.
* * * LOW HITPOINT WARNING * * *
You are lethally poisoned!
The killer bee poisons you!
The killer bee stings you but does no damage.
Read which item? (? for menu, Esc to quit)
As you read the scroll of fear, it crumbles to dust.
You assume a fearsome visage.
Joseph looks frightened!
The jelly looks frightened!
The orc looks frightened! x3
The orc priest looks frightened!
The killer bee looks frightened! x2
The killer bee resists with some effort.
The killer bee looks frightened! x3; The worker ant looks frightened!
* * * LOW HITPOINT WARNING * * *
You feel sick. The killer bee stings you!
You die...

###
##########
..###
#yy@yo....
#...##
#Jyyyo....
###..###
#..ooa....
####...#
........@..
.......#
##..........
.......#
##.........
.........#
#.........
##########


You could see Joseph (fleeing), a jelly (fleeing), a worker ant (fleeing), 6
killer bees, an orc priest (fleeing) and 3 orcs.

Vanquished Creatures
  Pikel (D:6)
  A sky beast (D:6)
  An ogre (D:6)
  3 centaurs
  A wight (D:6)
  A giant frog zombie (D:6)
  A jelly (D:5)
  Crazy Yiuf (D:7)
  An orc priest (D:6)
  A giant frog skeleton (D:7)
  An orc wizard (D:6)
  An iguana (D:5)
  Natasha (twice) (D:3)
  2 worker ants
  A hound zombie (D:6)
  A worker ant zombie (D:6)
  6 adders
  5 gnolls
  2 oozes
  An adder skeleton (D:4)
  A worm (D:2)
  2 dart slugs
  6 orcs
  2 ball pythons (D:5)
  4 bats
  10 giant cockroaches
  6 goblins
  10 hobgoblins
  7 jackals
  9 kobolds
  A quokka (D:6)
  5 giant newts
  8 rats
105 creatures vanquished.

Vanquished Creatures (collateral kills)
  A black bear (D:6)
  A scorpion (D:4)
  A crimson imp (D:6)
  A giant frog zombie (D:5)
  A hound (D:6)
  Natasha (D:3)
  A jackal (D:6)
7 creatures vanquished.

Vanquished Creatures (others)
  A quokka (D:6)
1 creature vanquished.

Grand Total: 113 creatures vanquished

Notes
Turn   | Place    | Note
--------------------------------------------------------------
     0 | Abyss:1  | Gargoyl the Demonspawn Abyssal Knight began the quest for the Orb.
     0 | Abyss:1  | Reached XP level 1. HP: 18/18 MP: 2/2
    69 | Abyss:1  | Noticed a large abomination
    92 | Abyss:1  | Found a corrupted altar of Lugonu.
   122 | Abyss:1  | Noticed a raiju
   128 | D:1      | Escaped the Abyss
   170 | D:1      | Reached skill level 1 in Dodging
   249 | D:1      | Reached skill level 2 in Armour
   252 | D:1      | Gained mutation: A weak demonic guardian rushes to your aid. [demonic ancestry]
   252 | D:1      | Reached XP level 2. HP: 12/24 MP: 3/3
   430 | D:1      | Reached * piety under Lugonu
   757 | D:1      | Reached XP level 3. HP: 29/29 MP: 4/4
  1475 | D:2      | Gained mutation: You have a pair of small horns on your head. [demonic ancestry]
  1475 | D:2      | Reached XP level 4. HP: 30/37 MP: 5/5
  1955 | D:2      | You fall through a shaft for 2 floors!
  2040 | D:3      | Reached ** piety under Lugonu
  2198 | D:3      | Noticed Natasha
  2436 | D:3      | Killed Natasha
  2436 | D:3      | Reached skill level 3 in Armour
  2594 | D:3      | Noticed Natasha
  2608 | D:3      | Killed Natasha
  2608 | D:3      | Gained mutation: You are slightly more attuned to the shadows. [demonic ancestry]
  2608 | D:3      | Reached XP level 5. HP: 26/42 MP: 6/6
  2790 | D:3      | Noticed Natasha
  2795 | D:3      | Killed Natasha
  3397 | D:5      | Entered Level 5 of the Dungeon
  3461 | D:5      | Reached XP level 6. HP: 19/48 MP: 7/7
  3664 | D:5      | Reached skill level 4 in Armour
  4074 | D:5      | Found a sacrificial altar of Ru.
  4335 | D:6      | Found a staircase to the Ecumenical Temple.
  4433 | D:6      | Noticed Pikel
  4434 | D:6      | Noticed a slave
  4434 | D:6      | Noticed a slave
  4435 | D:6      | Noticed a slave
  4442 | D:6      | Noticed a slave
  4497 | D:6      | Killed Pikel
  4497 | D:6      | Reached skill level 5 in Fighting
  4497 | D:6      | Reached skill level 5 in Armour
  4497 | D:6      | Reached skill level 1 in Stealth
  4497 | D:6      | Gained mutation: You have a pair of horns on your head. [demonic ancestry]
  4497 | D:6      | Reached XP level 7. HP: 30/56 MP: 8/8
  4654 | D:6      | Found an ancient bone altar of Kikubaaqudgha.
  4716 | D:6      | Reached *** piety under Lugonu
  4817 | D:6      | Reached skill level 6 in Armour
  5114 | D:6      | Reached XP level 8. HP: 47/62 MP: 9/9
  5726 | D:6      | You fall through a shaft!
  5726 | D:7      | Noticed Crazy Yiuf
  5740 | D:7      | Killed Crazy Yiuf
  6262 | D:6      | Found a snail-covered altar of Cheibriados.
  6421 | D:6      | Gained mutation: Armour fits poorly on your strangely shaped body. [mutagenic meat]
  6422 | D:6      | Gained mutation: You have an increased reservoir of magic (+10% MP). [mutagenic meat]
  6423 | D:6      | Gained mutation: You are occasionally teleported next to monsters. [mutagenic meat]
  6424 | D:6      | Gained mutation: You possess an exceptional clarity of mind. [mutagenic meat]
  6601 | D:7      | Reached skill level 7 in Armour
  6618 | D:7      | Noticed Joseph
  6619 | D:7      | HP: 2/63 [killer bee (3)]
  6621 | D:7      | Slain by a killer bee

Skill      XL: |  1  2  3  4  5  6  7  8 |
---------------+-------------------------+-----
Dodging        | 1 2 |  2.9
Armour         | 2 3 5 6 7 |  7.2
Axes           | 2 3 4 |  4.1
Fighting       | 4 5 |  5.6
Stealth        | 1 |  1.5
Invocations    | |  2.6

Action                   |  1- 3 |  4- 6 |  7- 9 || total
-------------------------+-------+-------+-------++-------
Melee: Hand axe          |    93 |   224 |   139 ||   456
       Headbutt          |       |    27 |    26 ||    53
Invok: Depart the Abyss  |     1 |       |       ||     1
  Use: Potion            |     1 |     3 |     9 ||    13
       Scroll            |       |     7 |     1 ||     8
 Stab: Sleeping          |     1 |       |       ||     1
       Distracted        |       |     3 |       ||     3
  Eat: Chunk             |     1 |    11 |     9 ||    21
       Fruit             |       |       |     1 ||     1
Armor: Leather armour    |    25 |       |       ||    25
       Chain mail        |    19 |   132 |   126 ||   277
       Scale mail        |     4 |       |       ||     4
Dodge: Dodged            |    66 |   101 |    57 ||   224
